 Dungeon Crawl Stone Soup version 0.26.0-10-g1f06aea511 (webtiles) character file.

Game seed: 16627982095063343674

30 Yuikono1 the Charlatan (level 3, 0/21 HPs)
             Began as a Kobold Artificer on Jan 15, 2021.
             Killed from afar by a white imp (4 damage)
             ... with a puff of frost
             ... summoned by Natasha
             ... on level 2 of the Dungeon.
             The game lasted 00:07:20 (1827 turns).

Yuikono1 the Charlatan (Kobold Artificer)           Turns: 1827, Time: 00:07:20

Health: 0/21       AC:  4    Str:  9    XL:     3   Next: 35%
Magic:  3/3        EV: 14    Int: 12    God:
Gold:   62         SH:  0    Dex: 16    Spells: 2/2 levels left

rFire    . . .     SeeInvis .   i - +0 dagger
rCold    . . .     Faith    .   (shield restricted)
rNeg     . . .     Spirit   .   b - +0 leather armour
rPois    .         Reflect  .   (no helmet)
rElec    .         Harm     .   (no cloak)
rCorr    .         Rampage  .   k - +0 pair of gloves
Will     .....                  (no boots)
Stlth    +++.......             (no amulet)
HPRegen  0.07/turn              (no ring)
MPRegen  0.08/turn              (no ring)

@: no status effects
A: small, nightstalker 3
a: no special abilities


You were on level 2 of the Dungeon.
You visited 1 branch of the dungeon, and saw 2 of its levels.

You collected 62 gold pieces.

Inventory:

Hand Weapons
 i - a +0 dagger (weapon)
Missiles
 j - 102 stones
 m - 3 javelins
 s - 10 poisoned darts
 t - 12 arrows
Armour
 b - a +0 leather armour (worn)
 k - a +0 pair of gloves (worn)
Wands
 c - a wand of flame (13) (quivered)
 d - a wand of enslavement (15)
 e - a wand of random effects (15)
Scrolls
 a - 2 scrolls of remove curse {unknown}
 f - a scroll of noise {unknown}
 h - 2 scrolls of blinking {unknown}
 l - a scroll of identify {unknown}
 o - a scroll of enchant weapon {unknown}
Potions
 g - a potion of curing {unknown}
 n - a potion of flight {unknown}
 p - a potion of resistance {unknown}
 q - a potion of mutation {unknown}
 r - a potion of heal wounds {unknown}


   Skills:
 + Level 2.1 Fighting
 + Level 1.2 Short Blades
 - Level 0.7 Armour
 - Level 2.4 Dodging
 + Level 1.9 Stealth
 + Level 4.2 Evocations


You had 2 spell levels left.
You didn't know any spells.
Your spell library was empty.

Dungeon Overview and Level Annotations

Branches:
Dungeon (2/15)

Altars:

Annotations:
D:2 Natasha


Innate Abilities, Weirdness & Mutations

You are small and have problems with some larger weapons.
You are completely attuned to the shadows.


Message History

Okay, then.
The white imp gestures at you. The puff of frost hits you!
Aiming: Throw Flame
Press: ? - help, Q - select action, (/) - cycle Shift-Dir - straight line, f - white imp
Aim: a white imp (summoned, 29% to evade)
The puff of flame hits the white imp.
The white imp is burned terribly!
The white imp is heavily wounded.
The white imp gestures at you. The puff of frost hits you.
* * * LOW HITPOINT WARNING * * *
Aiming: Throw Flame
Press: ? - help, Q - select action, (/) - cycle Shift-Dir - straight line, f/p - white imp
Aim: a white imp (heavily wounded, summoned, 29% to evade)
The puff of flame hits the white imp.
The white imp is burned terribly!
The white imp is almost dead.
Natasha mumbles some strange words.
The white imp gestures at you. The puff of frost hits you.
You die...

##..#........#
........#.....#
###.....#.....#
#.....#.....#
#.....#.....#
#.....#.....#
#...........#
#...........#
#..@........#
#.....######
#..5..# #h.5..#
#)##### #5# ..
#.# ....
#.###....
#...h....


You could see Natasha, a crimson imp (summoned) and a white imp (summoned).

Vanquished Creatures
  An ooze (D:1)
  A leopard gecko (D:1)
  A giant cockroach (D:1)
  4 goblins (D:1)
  2 hobgoblins
  3 ball pythons (D:1)
  4 bats (D:1)
  3 frilled lizards (D:1)
  5 kobolds
  3 rats (D:1)
27 creatures vanquished.

Notes
Turn   | Place    | Note
-------+----------+-------------------------------------------
     0 | D:1      | Yuikono1 the Kobold Artificer began the quest for the Orb.
     0 | D:1      | Reached XP level 1. HP: 12/12 MP: 1/1
    75 | D:1      | Reached XP level 2. HP: 16/16 MP: 2/2
   236 | D:1      | Reached skill level 4 in Evocations
   716 | D:1      | Reached skill level 1 in Short Blades
   721 | D:1      | Reached XP level 3. HP: 16/21 MP: 3/3
  1809 | D:2      | Noticed Natasha
  1827 | D:2      | Killed from afar by a white imp

Illustrated notes

Levels and vault maps discovered:
D:1:      nzn_arrival_water_spiral, layout_basic
D:2:      layout_basic, uniq_natasha

Skill      XL: |  1  2 |
---------------+-------+-----
Evocations     | 4 |  4.2
Fighting       | 2 |  2.1
Short Blades   | 1 |  1.2
Armour         | |  0.7
Dodging        | |  2.4
Stealth        | |  1.9

Action                   || total
-------------------------++-------
Melee: Mace              ||    13
       Dagger            ||    93
Evoke: Wand              ||     2
 Stab: Sleeping          ||    10
Armor: Leather armour    ||    21
Dodge: Dodged            ||    71
